 Dungeon Crawl Stone Soup version 0.29.1-1-gd02db6906a (console) character file.

Game seed: 6197061960715636394

570926 Zarnosh the Worldbinder (level 24, -9/177 HPs)
             Began as a Demigod Summoner on Oct 12, 2022.
             Mangled by a spriggan berserker
             ... wielding a +0 hand axe
              (29 damage)
             ... on level 3 of the Depths on Oct 16, 2022.
             The game lasted 12:59:25 (83703 turns).

Zarnosh the Worldbinder (Demigod Summoner)         Turns: 83703, Time: 12:59:26

Health: -9/177     AC: 20    Str: 18      XL:     24   Next: 42%
Magic:  49/55      EV: 19    Int: 40 (41) God:
Gold:   4187       SH:  0    Dex: 23      Spells: 9/67 levels left

rFire   + . .      SeeInvis +   a - +8 mace {vorpal, rF++ Str+3 Dex+3 SInv}
rCold   + . .      Faith    .   (no shield)
rNeg    . . .      Spirit   .   Z - +2 robe of the Sun {rC+ Will++ Int-3 Archmagi}
rPois   .          Reflect  .   O - +2 helmet of Bodarph {rElec rF- Int+3}
rElec   +          Harm     .   f - +2 cloak
rCorr   +          Rampage  .   o - +2 pair of gloves
Will    +++++      Archmagi +   L - +2 pair of boots {Fly}
Stlth   +++++.....              x - amulet of Vitality {RegenMP++ Regen++}
HPRegen 1.99/turn               v - ring "Canliarph" {Will+++ rCorr Str-2 Dex+6}
MPRegen 1.14/turn               F - ring "Hositsou" {rCorr AC+4 Stlth+}

@: flying, studying Axes
A: high MP 1, forlorn, divine attributes
}: 3/15 runes: decaying, serpentine, silver
a: no special abilities


You were on level 3 of the Depths.
You visited 10 branches of the dungeon, and saw 43 of its levels.
You also visited: Bailey.

You collected 8099 gold pieces.
You spent 3912 gold pieces at shops.

Inventory:

Hand Weapons
 a - the +8 mace of Hatred (weapon) {vorpal, rF++ Str+3 Dex+3 SInv}
   (You found it on level 1 of the Lair of Beasts)

   It inflicts extra damage upon your enemies.
   Str:       It affects your strength (+3).
   Dex:       It affects your dexterity (+3).
   rF:        It greatly protects you from fire.
   SInv:      It lets you see invisible.
 b - the +8 storm bow {elec, penet}
   (You found it on level 1 of the Vaults)

   Any ammunition fired from it occasionally discharges a powerful burst of
   electricity upon striking a foe.
   Any ammunition fired by it passes through the targets it hits, potentially
   hitting all targets in its path until it reaches maximum range.
 c - the +6 great sword "Kuttang" {protect, Will+ Int+3}
   (You took it off a human on level 14 of the Dungeon)

   It grants its wielder temporary protection when it strikes (+7 to AC).
   Int:       It affects your intelligence (+3).
   Will:      It increases your willpower.
 Q - a +5 triple sword of distortion
 V - a +9 shortbow of flaming
Missiles
 k - 52 poisoned darts (quivered)
 W - 17 curare-tipped darts
Armour
 f - a +2 cloak (worn)
 o - a +2 pair of gloves (worn)
 L - a +2 pair of boots of flying (worn)
 O - the +2 helmet of Bodarph (worn) {rElec rF- Int+3}
   (You bought it in a shop on level 2 of the Orcish Mines)

   Int:       It affects your intelligence (+3).
   rF:        It makes you vulnerable to fire.
   rElec:     It insulates you from electricity.
 Z - the +2 robe of the Sun (worn) {rC+ Will++ Int-3 Archmagi}
   (You took it off a tengu reaver on level 5 of the Vaults)

   Int:       It affects your intelligence (-3).
   rC:        It protects you from cold.
   Archmagi:  It increases the power of your magical spells.
   Will:      It greatly increases your willpower.
Jewellery
 d - a ring of magical power
 e - the amulet "Adooneerr" {RegenMP rElec}
   (You found it on level 5 of the Vaults)

   [amulet of magic regeneration]

   It increases your rate of magic regeneration.
   rElec:     It insulates you from electricity.
 v - the ring "Canliarph" (left hand) {Will+++ rCorr Str-2 Dex+6}
   (You found it on level 5 of the Vaults)

   [ring of dexterity]

   Str:       It affects your strength (-2).
   Dex:       It affects your dexterity (+6).
   rCorr:     It protects you from acid and corrosion.
   Will:      It greatly increases your willpower.
 w - an amulet of the acrobat
 x - the amulet of Vitality (around neck) {RegenMP++ Regen++}
   (You found it on level 2 of the Depths)

   [amulet of magic regeneration]

   It increases your rate of magic regeneration.
   Regen:     It increases your rate of health regeneration.
 F - the ring "Hositsou" (right hand) {rCorr AC+4 Stlth+}
   (You found it on level 1 of the Vaults)

   [ring of protection]

   AC:        It affects your AC (+4).
   rCorr:     It protects you from acid and corrosion.
   Stlth:     It makes you more stealthy.
 G - the ring "Poto" {rPois Will+ Dex+6}
   (You found it on level 5 of the Vaults)

   [ring of dexterity]

   Dex:       It affects your dexterity (+6).
   rPois:     It protects you from poison.
   Will:      It increases your willpower.
 H - a ring of positive energy
 K - an amulet of reflection
 P - the ring of Suspicion {rF+ Will+ Dex-5 Slay+5 SInv}
   (You found it on level 5 of the Vaults)

   [ring of see invisible]

   Dex:       It affects your dexterity (-5).
   Slay:      It affects your accuracy & damage with ranged weapons and melee
   (+5).
   rF:        It protects you from fire.
   SInv:      It lets you see invisible.
   Will:      It increases your willpower.
Wands
 l - a wand of polymorph (11)
 n - a wand of roots (21)
 C - a wand of charming (22)
 D - a wand of light (21)
 I - a wand of flame (103)
 N - a wand of mindburst (26)
 Y - a wand of digging (29)
Scrolls
 p - 7 scrolls of amnesia
 q - a scroll of summoning
 t - 3 scrolls of fear
 u - 34 scrolls of identify
 y - 16 scrolls of teleportation
 B - 4 scrolls of enchant armour
 J - a scroll of acquirement
 T - 5 scrolls of magic mapping
 U - 8 scrolls of fog
 X - a scroll of blinking
Potions
 g - 5 potions of haste
 h - 6 potions of cancellation
 i - a potion of heal wounds
 j - 6 potions of curing
 r - a potion of might
 z - 2 potions of brilliance
 A - 6 potions of berserk rage
 M - a potion of invisibility
 R - 2 potions of resistance
Miscellaneous
 m - a box of beasts
 s - a phantom mirror
 E - a condenser vane
 S - a lightning rod (4/4)


   Skills:
 + Level 6.7 Fighting
 + Level 9.8 Long Blades
 + Level 6.4 Maces & Flails
 + Level 7.0 Polearms
 + Level 4.8 Ranged Weapons
 + Level 3.2 Throwing
 + Level 8.5 Dodging
 + Level 6.2 Stealth
 + Level 22.0 Spellcasting
 + Level 7.6 Conjurations
 + Level 8.3 Hexes
 + Level 22.8 Summonings
 + Level 0.2 Translocations
 + Level 1.0 Fire Magic
 + Level 8.6 Ice Magic
 + Level 11.8 Air Magic
 + Level 1.3 Earth Magic
 + Level 3.3 Poison Magic
 + Level 5.5 Evocations


You had 9 spell levels left.
You knew the following spells:

 Your Spells              Type           Power      Damage    Failure   Level
a - Summon Small Mammal   Summ           100%       N/A       0%          1
b - Call Imp              Summ           100%       N/A       0%          2
c - Call Canine Familiar  Summ           100%       N/A       0%          3
d - Summon Guardian Gole  Hex/Summ       100%       N/A       0%          3
e - Mephitic Cloud        Conj/Pois/Air  100%       N/A       1%          3
f - Summon Lightning Spi  Summ/Air       100%       N/A       0%          4
g - Freezing Cloud        Conj/Ice/Air   54%        6-21      1%          5
h - Cause Fear            Hex            52%        N/A       1%          4
i - Summon Forest         Summ/Tloc      58%        N/A       1%          5
j - Summon Hydra          Summ           74%        N/A       1%          7
k - Summon Horrible Thin  Summ           74%        N/A       1%          8
l - Lee's Rapid Deconstr  Erth           35%        3d19*     9%          5
m - Animate Armour        Summ/Erth      100%       N/A       1%          4
n - Passage of Golubria   Tloc           62%        N/A       4%          4

Your spell library contained the following spells:

 Spells                   Type           Power      Damage    Failure   Level
 Freeze                   Ice            100%       1d11      0%          1
 Apportation              Tloc           100%       N/A       1%          1
 Beastly Appendage        Tmut           100%       N/A       1%          1
 Necrotise                Necr           100%       1d9       1%          1
 Sandblast                Erth           100%       2d20      1%          1
 Ensorcelled Hibernation  Hex/Ice        100%       N/A       1%          2
 Passwall                 Tmut/Erth      54%        N/A       1%          2
 Poisonous Vapours        Pois/Air       100%       N/A       1%          2
 Sublimation of Blood     Necr           60%        N/A       1%          2
 Wereblood                Tmut           60%        N/A       1%          2
 Dazzling Flash           Conj/Hex       100%       N/A       1%          3
 Frozen Ramparts          Ice            100%       1d16      1%          3
 Ignite Poison            Fire/Tmut/Pois 71%        N/A       1%          3
 Inner Flame              Hex/Fire       89%        N/A       1%          3
 Ozocubu's Armour         Ice            100%       N/A       1%          3
 Portal Projectile        Hex/Tloc       100%       N/A       1%          3
 Spider Form              Tmut/Pois      72%        N/A       1%          3
 Stone Arrow              Conj/Erth      100%       3d13      1%          3
 Tukima's Dance           Hex            100%       N/A       1%          3
 Vampiric Draining        Necr           60%        2d10      1%          3
 Anguish                  Hex/Necr       43%        N/A       1%          4
 Corpse Rot               Necr/Pois/Air  91%        N/A       1%          4
 Fulminant Prism          Conj/Hex       52%        3d23      1%          4
 Hailstorm                Conj/Ice       100%       3d20      1%          4
 Iskenderun's Mystic Bla  Conj/Tloc      85%        2d17      1%          4
 Leda's Liquefaction      Hex/Erth       45%        N/A       1%          4
 Metabolic Englaciation   Hex/Ice        53%        N/A       1%          5
 Conjure Ball Lightning   Conj/Air       55%        3x3d20    1%          6
 Yara's Violent Unravell  Hex/Tmut       43%        3d17      2%          5
 Malign Gateway           Summ/Tloc      58%        N/A       3%          7
 Animate Dead             Necr           60%        N/A       4%          4
 Alistair's Intoxication  Tmut/Pois      48%        N/A       7%          5
 Borgnjor's Vile Clutch   Necr/Erth      32%        N/A       11%         5
 Iron Shot                Conj/Erth      44%        9d9       13%         6
 Simulacrum               Ice/Necr       43%        N/A       13%         6
 Starburst                Conj/Fire      43%        6d12      13%         6
 Agony                    Necr           60%        N/A       14%         5
 Blade Hands              Tmut           30%        N/A       14%         5
 Enfeeble                 Hex            52%        N/A       14%         7
 Eringya's Noxious Bog    Tmut/Pois      36%        N/A       36%         6
 Statue Form              Tmut/Erth      43%        N/A       52%         6
 Death Channel            Necr           30%        N/A       61%         6
 Discord                  Hex            52%        N/A       73%         8
 Lehudib's Crystal Spear  Conj/Erth      44%        10d11     99%         8
 Borgnjor's Revivificati  Necr           30%        N/A       100%        8
 Disjunction              Tloc           31%        N/A       100%        8
 Necromutation            Tmut/Necr      30%        N/A       100%        8
 Death's Door             Necr           30%        N/A       100%        9


Dungeon Overview and Level Annotations

Branches:
Dungeon (15/15)            Temple (1/1) D:5            Lair (5/5) D:10
  Swamp (4/4) Lair:2        Snake (4/4) Lair:2        Slime (1/5) Lair:4
    Orc (2/2) D:10            Elf (3/3) Orc:2        Vaults (5/5) D:14
  Crypt (0/3) Vaults:3     Depths (3/4) D:15         Bailey (visited)

Shops:
D:5 *(![:   D:7 *   Orc:2 =([([   Elf:2 *   Snake:3 *   Snake:4 *   Vaults:1 ?=
Vaults:2 *(!(!   Vaults:3 [   Vaults:4 ?   Depths:1 =::

Portals:
Hell: Depths:1 Depths:2 Depths:3
Abyss: Depths:2
Pandemonium: Depths:2
Ziggurat: Depths:2
Trove: Depths:3 (give 6 scrolls of fog)

Annotations:
D:8 3 runed translucent doors, Garym's ghost, novice MiBe
Vaults:2 exclusion: orange crystal statue


Innate Abilities, Weirdness & Mutations

You have an increased reservoir of magic. (+10% MP)
You shall have no god before yourself.
Your divine heritage dramatically boosts your attributes as you level up.


Message History

The spriggan berserker closely misses you.
The spriggan berserker hits your large abomination but does no damage.
The tengu reaver points at your tentacled monstrosity and mumbles some strange words.
The bolt of fire hits your tentacled monstrosity!!
Your tentacled monstrosity resists.
Your tentacled monstrosity tentacle-slaps the tengu reaver! x2
Your tentacled monstrosity tentacle-slaps the tengu reaver.
The tengu reaver dies!
You hit the spriggan berserker.
The spriggan berserker is moderately wounded.
The spriggan berserker hits you with a +0 hand axe!!
The spriggan berserker hits your large abomination with a +0 hand axe!
Your large abomination hits the spriggan berserker.
The spriggan berserker hits your large abomination with a +0 hand axe!!
The spriggan berserker hits you but does no damage.
You closely miss the spriggan berserker.
The spriggan berserker is moderately wounded.
The spriggan berserker closely misses you.
The spriggan berserker hits your large abomination with a +0 hand axe!!
Your large abomination is destroyed!
Your large abomination disappears in a puff of smoke!
You hit the spriggan berserker.
The spriggan berserker is moderately wounded.
Your tentacled monstrosity disappears in a puff of smoke!
The spriggan berserker hits you with a +0 hand axe!!
The spriggan berserker hits you with a +0 hand axe!
* * * LOW HITPOINT WARNING * * *
Casting: Summon Hydra (safe; 1% risk of failure)
Confirm with . or Enter, or press ? or * to list all spells.
You feel a surge of power!
The spriggan berserker hits you with a +0 hand axe!!!
* * * LOW HITPOINT WARNING * * *
The spriggan berserker hits your large abomination with a +0 hand axe!
The spriggan berserker hits your large abomination with a +0 hand axe!!
The spriggan berserker hits your large abomination with a +0 hand axe!
The spriggan berserker closely misses you.
The spriggan berserker completely misses your large abomination.
The spriggan berserker hits your large abomination with a +0 hand axe!! x2
The spriggan berserker hits you with a +0 hand axe!!
You die...

#.#########.......#
####.........#.......# §§
#...#...####.#......## §#
##.##..#.#..####.....# ##.
...##.##'#.∩.#.......#### ##.##
...#.##......#.#....[...####.RK).
..##.#.[##.###.#....)).....iCTC..
..#..#.8##.'...####).....###.#K..
.##..##....##.##X.§).†(..#
.'##..##..##..#X.iX§.((###
.###...####..##X@X####.#
...###......##X.#.# #.#
....####..###...######..
##..#..####.....#......#
....#...#+#'#+###.######
###.###.#.#.#.#...#
..........#9....###
##...##.........#
.#...#########..#
.....###........#
.......#.####...#


You could see a spriggan berserker (berserk, regenerating, strong-willed, ally
target) and 6 friendly large abominations.

Vanquished Creatures
  A lich (Depths:1)
  A deep elf master archer (Elf:3)
  A tengu reaver (Vaults:5)
  3 nagarajas (Snake:4)
  A fire giant (Vaults:5)
  A frost giant (Depths:2)
  A vault warden (Vaults:1)
  An ironbound preserver (Vaults:3)
  2 deep elf demonologists (Elf:3)
  A dire elephant (Vaults:1)
  A spark wasp (Depths:1)
  5 yaktaur captains (Vaults:5)
  2 great orbs of eyes (Vaults:4)
  5 hydras
  2 vault guards
  An ogre mage (D:14)
  A salamander tyrant (Snake:2)
  A naga warrior (Snake:1)
  An alligator (Swamp:1)
  A two-headed ogre (D:10)
  A deep troll shaman (Depths:2)
  A tengu warrior (Depths:2)
  6 naga sharpshooters
  2 shock serpents
  A spriggan berserker (Depths:1)
  An iron troll (Depths:1)
  11 deep elf knights
  3 salamander mystics
  3 goliath frogs
  A sea snake (Snake:4)
  10 deep trolls
  2 bog bodies (Swamp:2)
  A spriggan druid (Swamp:1)
  A swamp dragon (Swamp:2)
  3 ironbound convokers
  3 lindwurms (Vaults:3)
  A naga ritualist (Snake:3)
  A wizard (Vaults:4)
  4 deep elf archers
  A will-o-the-wisp (Swamp:2)
  7 ugly things
  3 oklob plants
  A cyclops (D:13)
  9 deep elf pyromancers
  7 deep elf zephyrmancers
  A manticore (D:13)
  13 salamanders
  An elephant (Lair:2)
  11 naga magi
  A rust devil (D:10)
  6 black mambas
  2 vault sentinels (Vaults:4)
  A gargoyle (D:10)
  5 cane toads
  A guardian serpent (Snake:2)
  Maggie (D:7)
  2 unseen horrors
  A yaktaur zombie (Vaults:3)
  A yaktaur (Vaults:2)
  An efreet (D:14)
  A komodo dragon (D:12)
  2 trolls
  12 blink frogs
  5 slime creatures
  An air elemental (Elf:1)
  Sigmund (D:3)
  A spriggan (Swamp:1)
  A water elemental (Elf:1)
  31 yaks
  4 humans (D:14)
  4 fire elementals
  A wyvern (D:9)
  8 vampire mosquitoes
  A redback (Vaults:4)
  A chaos spawn (D:10)
  7 swamp worms
  6 wargs
  15 nagas
  An acid dragon (D:10)
  A water moccasin (Lair:2)
  A black bear (Lair:1)
  A sky beast (D:7)
  18 orc warriors
  3 boggarts (D:14)
  4 centaurs
  4 wolves
  An ogre (Orc:2)
  A nameless horror (D:14)
  4 bullfrogs
  2 scorpions (D:4)
  2 killer bees (D:10)
  3 howler monkeys
  5 electric eels
  A hound (D:5)
  A quasit (D:10)
  4 jellies (Lair:4)
  4 orc priests
  An iguana (D:7)
  6 orc wizards
  5 gnolls
  3 dart slugs
  37 orcs
  An endoplasm (D:3)
  A giant cockroach (D:4)
  6 goblins
  5 hobgoblins
  2 jackals (D:1)
  5 ball pythons
  6 bats
  14 kobolds
  A rat (D:1)
421 creatures vanquished.

Vanquished Creatures (collateral kills)
  2 dread liches
  An ancient lich (Vaults:5)
  Mennas (Vaults:3)
  A juggernaut (Depths:2)
  Saint Roka (Orc:2)
  4 golden dragons
  Zenata (Elf:2)
  A walking crystal tome (Depths:2)
  8 liches
  A walking frostbound tome (Depths:1)
  4 tentacled monstrosities
  Asterion (Elf:2)
  5 deep elf blademasters
  6 titans
  A deep elf master archer (Elf:3)
  A quicksilver dragon (Depths:2)
  6 sphinxes
  5 shadow dragons (Vaults:5)
  Frances (D:12)
  2 thorn hunters (Swamp:4)
  7 tengu reavers
  6 storm dragons (Vaults:5)
  Roxanne (Swamp:1)
  7 fire giants
  4 nagarajas
  The ghost of Dyokoiji the Blasphemer, an adept KoGl of Zin (D:15)
  3 orc warlords
  18 vault wardens
  6 frost giants
  7 deep elf sorcerers
  A curse skull (Vaults:3)
  Aizul (Swamp:2)
  Louise (Snake:4)
  2 iron dragons
  2 spriggan defenders
  A cacodemon (D:15)
  A reaper (Depths:2)
  19 ironbound preservers
  3 deep elf elementalists (Elf:3)
  4 war gargoyles
  15 very ugly things
  6 ironbound thunderhulks
  4 deep elf demonologists
  11 stone giants
  A vampire knight (Depths:3)
  5 deep elf annihilators
  2 entropy weavers
  An eleionoma (shapeshifter) (D:15)
  Azrael (D:13)
  4 eleionomae
  10 spark wasps
  4 bunyips
  The ghost of Loywebes the Blocker, a journeyman MiFi of Makhleb (Lair:3)
  10 dire elephants
  Snorg (Lair:3)
  A jiangshi (Depths:3)
  The ghost of Nubia the Covert, a journeyman GnEn (Lair:4)
  9 deep elf high priests (Elf:3)
  2 shambling mangroves
  2 deep elf death magi
  7 ettins
  A crystal guardian (Vaults:4)
  7 fire dragons
  Fannar (Lair:3)
  14 yaktaur captains
  5 ice dragons
  3 rakshasas
  3 great orbs of eyes
  7 boulder beetles
  3 peacekeepers
  26 vault guards
  Erolcha (D:12)
  4 ghost crabs
  A boulder beetle (shapeshifter) (Vaults:5)
  5 ironbound frosthearts
  2 spriggan air magi
  12 naga warriors
  A death knight (D:14)
  14 hydras
  2 ogre magi (Vaults:5)
  7 anacondas
  2 salamander tyrants
  A catoblepas (D:15)
  15 alligators
  30 dancing weapons
  8 deep troll shamans
  9 centaur warriors
  2 two-headed ogres
  5 death yaks
  10 deep troll earth magi
  6 naga sharpshooters
  A vampire mage (Depths:2)
  5 tengu warriors
  7 hell knights
  4 spriggan berserkers
  20 deep elf knights
  Sonja (D:13)
  6 shock serpents
  5 salamander mystics
  A sixfirhy (Depths:2)
  A goliath frog (shapeshifter) (Vaults:5)
  7 iron trolls
  A golden dragon zombie (Depths:1)
  70 deep trolls
  A death drake (shapeshifter) (Elf:1)
  3 goliath frogs
  4 flayed ghosts (Depths:2)
  10 swamp dragons
  An orb spider (shapeshifter) (Depths:2)
  5 skeletal warriors
  2 spriggan druids
  7 naga ritualists
  3 sea snakes (Snake:4)
  6 bog bodies
  4 glowing orange brains
  9 lindwurms
  3 phantasmal warriors
  5 deep elf archers
  3 orc knights
  4 wizards
  16 ironbound convokers
  15 deep elf zephyrmancers
  49 ugly things
  4 orc sorcerers (Orc:2)
  23 deep elf pyromancers
  A harpy (Vaults:3)
  2 oklob plants (Snake:1)
  3 necromancers
  2 will-o-the-wisps
  A tengu skeleton (Vaults:3)
  8 mana vipers
  A manticore (D:11)
  A fire giant zombie (Depths:1)
  A cyclops (D:12)
  4 nameless horrors
  26 black mambas
  16 salamanders
  15 vault sentinels
  3 elephants
  A smoke demon (Depths:2)
  16 naga magi
  6 guardian serpents
  14 cane toads
  A torpor snail (Lair:5)
  6 rime drakes
  A kobold demonologist (Depths:3)
  A freezing wraith (Vaults:3)
  2 unseen horrors
  4 komodo dragons
  40 yaktaurs
  2 tengu conjurers (Depths:2)
  2 polar bears
  2 red devils
  8 hornets
  A tengu simulacrum (Vaults:3)
  4 trolls
  34 blink frogs
  7 tyrant leeches
  20 slime creatures
  A tarantella (shapeshifter) (Elf:1)
  A wind drake (shapeshifter) (Elf:1)
  A dream sheep (shapeshifter) (Depths:2)
  5 spriggans
  4 water elementals
  An air elemental (Elf:1)
  2 wraiths
  5 fire elementals
  4 basilisks
  2 chaos spawn (D:10)
  32 yaks
  3 humans (D:14)
  4 neqoxecs
  A wyvern (D:10)
  2 redbacks (Vaults:4)
  A human (shapeshifter) (Depths:1)
  An ogre zombie (Vaults:3)
  13 vampire mosquitoes
  A death yak simulacrum (Lair:4)
  A steam dragon (Lair:3)
  2 wargs
  13 swamp worms
  A glowing shapeshifter zombie (Vaults:3)
  3 acid dragons
  23 nagas
  A hydra simulacrum (Lair:4)
  2 hell hounds (D:13)
  9 water moccasins
  A water moccasin (shapeshifter) (D:15)
  9 swamp drakes
  26 orc warriors
  A sky beast (D:3)
  An ice beast (D:5)
  A black bear (D:10)
  4 boggarts
  10 wolves
  2 ogres
  2 phantoms
  3 kobold brigands
  Blork the orc (D:4)
  10 bullfrogs
  A gnoll sergeant (D:9)
  A bullfrog (shapeshifter) (D:15)
  A cane toad simulacrum (Lair:4)
  2 earth elementals (Elf:1)
  4 scorpions
  4 killer bees
  3 electric eels
  A vampire bat (Lair:2)
  A howler monkey (D:14)
  7 jellies (Lair:4)
  2 quasits (D:10)
  14 orc priests
  3 iguanas
  21 orc wizards
  6 gnolls
  6 adders
  2 white imps (D:6)
  2 ufetubi (D:5)
  3 worms (D:3)
  50 orcs
  3 ball pythons
  3 bats (Lair:2)
  4 endoplasms
  A giant cockroach (D:4)
  4 goblins
  A goblin (shapeshifter) (D:15)
  2 hobgoblins (D:2)
  2 jackals (D:1)
  2 quokkas
  A bat (shapeshifter) (D:15)
  A frilled lizard (D:2)
  5 kobolds (Bailey)
  3 rats
  14 briar patches (Swamp:4)
1405 creatures vanquished.

Vanquished Creatures (others)
  Nikola (Swamp:1)
  Mlioglotl (Swamp:3)
  A kraken (D:1)
  3 slime creatures
  A nagaraja (Snake:4)
  A vault warden (Vaults:4)
  2 ironbound preservers
  A war gargoyle (Vaults:5)
  A stone giant (Vaults:5)
  2 minotaurs (D:1)
  A deep elf annihilator (Vaults:5)
  A bunyip (Swamp:2)
  An ettin (Vaults:1)
  A rakshasa (D:15)
  A vault guard (Vaults:5)
  A hydra (Swamp:4)
  A boulder beetle (Lair:5)
  2 centaur warriors
  4 anacondas
  An ironbound frostheart (Vaults:1)
  4 tengu warriors
  2 alligators
  2 naga warriors
  A spriggan berserker (Depths:1)
  3 naga sharpshooters
  3 shock serpents
  A sixfirhy (D:10)
  A skeletal warrior (D:14)
  A spriggan druid (Swamp:3)
  2 sea snakes
  6 deep trolls
  A wizard (Vaults:1)
  Pikel (D:7)
  2 orc knights
  A lindwurm (Vaults:3)
  11 ugly things
  A deep elf pyromancer (Elf:2)
  2 manticores
  A mana viper (Snake:1)
  An orc sorcerer (D:10)
  An elephant (Lair:2)
  A guardian serpent (shapeshifter) (D:14)
  3 naga magi (Snake:3)
  4 cane toads
  A gargoyle (D:8)
  7 black mambas (Snake:3)
  3 yaktaurs
  A vine stalker (D:1)
  A rime drake (Lair:2)
  A freezing wraith (Vaults:3)
  An elf (D:1)
  An ice devil (D:10)
  A troll (Orc:2)
  A merfolk (D:1)
  A tengu simulacrum (Depths:1)
  A blink frog (Lair:2)
  15 yaks
  3 humans (D:14)
  A vampire (D:1)
  A ynoxinul (D:10)
  A vampire mosquito (Lair:5)
  A steam dragon (D:10)
  A steam dragon (shapeshifter) (D:15)
  A chaos spawn (D:10)
  A catoblepas simulacrum (Lair:4)
  Menkaure (D:4)
  A warg (Orc:2)
  A water moccasin (D:8)
  A demigod (D:1)
  4 nagas
  Duvessa (D:6)
  Pargi (D:4)
  A black bear (D:5)
  4 orc warriors (Orc:2)
  2 tengu (D:1)
  2 ogres (D:1)
  A bullfrog (D:8)
  A scorpion (shapeshifter) (D:15)
  Dowan (D:6)
  A dream sheep simulacrum (Lair:4)
  A killer bee (D:10)
  An electric eel (D:10)
  A vampire bat (Lair:2)
  2 howler monkeys (D:9)
  An orc priest (D:7)
  An orc wizard (D:7)
  6 orcs
  A kobold (Bailey)
  3 briar patches (Swamp:4)
  13 demonic plants (D:10)
  24 foxfires
  44 fungi
  123 plants
  A snaplasher vine (Swamp:4)
  6 tentacles (D:1)
  2 withered plants
382 creatures vanquished.

Grand Total: 2208 creatures vanquished

Notes
Turn   | Place    | Note
-------+----------+-------------------------------------------
     0 | D:1      | Zarnosh the Demigod Summoner began the quest for the Orb.
     0 | D:1      | Reached XP level 1. HP: 14/14 MP: 5/5
     2 | D:1      | Noticed an ogre
     2 | D:1      | Noticed a vampire
     2 | D:1      | Noticed a tengu
     2 | D:1      | Noticed an elf
     2 | D:1      | Noticed a tengu
     2 | D:1      | Noticed a minotaur
     2 | D:1      | Noticed a demonspawn
     2 | D:1      | Noticed a demigod
     2 | D:1      | Noticed a kraken
     2 | D:1      | Noticed a minotaur
     2 | D:1      | Noticed a vine stalker
     2 | D:1      | Noticed a merfolk
     2 | D:1      | Noticed an ogre
     2 | D:1      | Noticed a merfolk
     2 | D:1      | Noticed a minotaur
     2 | D:1      | Noticed a demonspawn
     5 | D:1      | Killed a tengu
     5 | D:1      | Killed a vampire
     6 | D:1      | Killed a demigod
     6 | D:1      | Killed an elf
     7 | D:1      | Killed an ogre
     9 | D:1      | Killed an ogre
    12 | D:1      | Killed a minotaur
    12 | D:1      | Killed a minotaur
    13 | D:1      | Killed a vine stalker
    13 | D:1      | Killed a merfolk
    18 | D:1      | Killed a tengu
    19 | D:1      | Killed a kraken
  1256 | D:2      | Reached XP level 2. HP: 20/20 MP: 4/7
  1259 | D:2      | Learned a level 2 spell: Call Imp
  1687 | D:2      | Reached XP level 3. HP: 26/26 MP: 9/9
  1691 | D:2      | Learned a level 3 spell: Call Canine Familiar
  2299 | D:3      | Noticed a sky beast
  2312 | D:3      | Killed a sky beast
  2313 | D:3      | Reached skill level 1 in Polearms
  2313 | D:3      | Reached XP level 4. HP: 4/34 MP: 11/11
  2695 | D:3      | Reached XP level 5. HP: 25/39 MP: 12/12
  3127 | D:3      | Noticed Sigmund
  3527 | D:3      | Learned a level 3 spell: Summon Guardian Golem
  3543 | D:3      | Killed Sigmund
  3544 | D:3      | Reached skill level 1 in Hexes
  3544 | D:3      | Reached skill level 5 in Summonings
  3544 | D:3      | Reached XP level 6. HP: 46/46 MP: 14/14
  4055 | D:4      | Noticed Menkaure
  4071 | D:4      | Killed Menkaure
  4072 | D:4      | Reached skill level 1 in Fighting
  4263 | D:4      | Noticed Pargi
  4273 | D:4      | Killed Pargi
  4289 | D:4      | Reached XP level 7. HP: 41/52 MP: 15/16
  4421 | D:4      | Noticed Blork the orc
  4431 | D:4      | Killed Blork the orc
  4495 | D:4      | Learned a level 3 spell: Mephitic Cloud
  4764 | D:4      | Reached skill level 1 in Throwing
  5009 | D:4      | Reached skill level 1 in Conjurations
  5173 | D:5      | Entered Level 5 of the Dungeon
  5460 | D:5      | Reached XP level 8. HP: 49/59 MP: 18/18
  5465 | D:5      | Learned a level 4 spell: Summon Lightning Spire
  5765 | D:5      | Found a staircase to the Ecumenical Temple.
  5771 | Temple   | Entered the Ecumenical Temple
  6030 | D:5      | Found Heobbas's General Store.
  6037 | D:5      | Found Serall's Antique Weapon Emporium.
  6037 | D:5      | Found Doephiod's Distillery.
  6039 | D:5      | Found Kurghirey's Book Emporium.
  6039 | D:5      | Found Ofiveac's Antique Armour Boutique.
  6420 | D:6      | Noticed Dowan
  6421 | D:6      | Noticed Duvessa
  6677 | D:6      | Killed Dowan
  6677 | D:6      | Killed Duvessa
  6678 | D:6      | Reached skill level 5 in Spellcasting
  7294 | D:6      | Identified a scroll of acquirement
  7298 | D:6      | Acquired a +1 vorpal eveningstar
  7627 | D:7      | Reached skill level 1 in Maces & Flails
  7819 | D:7      | Noticed Pikel
  7838 | D:7      | Killed Pikel
  7839 | D:7      | Reached XP level 9. HP: 67/67 MP: 21/21
  7897 | D:7      | Found a flagged portal.
  7945 | Bailey   | Entered a bailey
  8474 | D:7      | Noticed Maggie
  8484 | D:7      | Killed Maggie
  8485 | D:7      | Reached skill level 1 in Air Magic
  8608 | D:7      | Found Panaotha's Lightly-Used Armoury.
  8843 | D:8      | Reached skill level 1 in Ranged Weapons
  8905 | D:8      | Found a runed translucent gate.
  8906 | D:8      | Found a runed translucent gate.
  8906 | D:8      | Found a runed translucent gate.
  8907 | D:8      | Noticed a green ugly thing
  8907 | D:8      | Noticed a white ugly thing
  8908 | D:8      | Noticed a cyan ugly thing
  8908 | D:8      | Noticed a green ugly thing
  9375 | D:8      | Noticed a gargoyle
  9386 | D:8      | Killed a gargoyle
  9705 | D:9      | Reached skill level 5 in Conjurations
  9705 | D:9      | Reached skill level 1 in Poison Magic
  9739 | D:8      | Reached skill level 1 in Evocations
  9739 | D:8      | Reached XP level 10. HP: 67/74 MP: 16/23
 10599 | D:10     | Entered Level 10 of the Dungeon
 10681 | D:10     | Noticed a two-headed ogre
 10697 | D:10     | Killed a two-headed ogre
 10881 | D:10     | Noticed a rust devil
 10901 | D:10     | Killed a rust devil
 10914 | D:10     | Noticed a sixfirhy
 11072 | D:10     | Found a staircase to the Orcish Mines.
 11201 | D:10     | Reached XP level 11. HP: 82/82 MP: 26/26
 11481 | D:10     | Reached skill level 5 in Evocations
 11488 | D:10     | Learned a level 5 spell: Freezing Cloud
 11555 | D:10     | Killed a sixfirhy
 11712 | D:10     | Found a staircase to the Lair.
 11749 | D:10     | Reached skill level 1 in Ice Magic
 12186 | D:10     | Noticed a centaur warrior
 12454 | D:10     | Killed a centaur warrior
 12691 | Lair:1   | Entered Level 1 of the Lair of Beasts
 13457 | Lair:1   | Identified the +8 mace of Hatred {vorpal, rF++ Str+3 Dex+3
                  | SInv}
 13903 | Lair:2   | Reached XP level 12. HP: 91/91 MP: 20/28
 14103 | Lair:2   | Noticed a five-headed hydra
 14280 | Lair:2   | Reached skill level 5 in Polearms
 14306 | Lair:2   | Killed a five-headed hydra
 14529 | Lair:2   | Found a staircase to the Swamp.
 14546 | Lair:2   | Reached skill level 5 in Dodging
 14654 | Lair:2   | Found a staircase to the Snake Pit.
 14790 | Lair:2   | Reached skill level 5 in Air Magic
 15212 | Lair:2   | Reached skill level 5 in Ice Magic
 15543 | Lair:3   | Noticed Fannar
 15562 | Lair:3   | Killed Fannar
 15740 | Lair:2   | Learned a level 4 spell: Cause Fear
 15860 | Lair:3   | Noticed Snorg
 15871 | Lair:3   | Killed Snorg
 16266 | Lair:3   | Reached XP level 13. HP: 96/96 MP: 30/30
 16312 | Lair:3   | Found a runed translucent door.
 16313 | Lair:3   | Noticed Loywebes's ghost (journeyman MiFi)
 16853 | Lair:3   | Killed Loywebes's ghost
 17112 | Lair:4   | Found a staircase to the Slime Pits.
 17413 | Lair:4   | Identified the +1 whip "Gama" {flame, Str+3 Int+2}
 17429 | Lair:4   | Noticed Nubia's ghost (journeyman GnEn)
 17450 | Lair:4   | Found a runed translucent gate.
 17450 | Lair:4   | Found a runed translucent gate.
 17450 | Lair:4   | Found a runed translucent gate.
 17464 | Lair:4   | Reached skill level 10 in Summonings
 18236 | Lair:5   | Entered Level 5 of the Lair of Beasts
 19138 | Lair:5   | Reached skill level 10 in Spellcasting
 19770 | Lair:5   | Reached XP level 14. HP: 105/105 MP: 28/32
 20044 | Lair:5   | Identified the +4 mace of Tender Mercy {vorpal, *Noise rC+
                  | Str+2 Stlth+}
 20618 | Orc:1    | Entered Level 1 of the Orcish Mines
 20627 | Orc:1    | Paralysed by an orc sorcerer for 4 turns
 21392 | Orc:2    | Entered Level 2 of the Orcish Mines
 21392 | Orc:2    | Found a gate leading to a gauntlet.
 21868 | Orc:2    | Noticed an orc warlord
 21888 | Orc:2    | Killed an orc warlord
 21991 | Orc:2    | Reached skill level 5 in Hexes
 22186 | Orc:2    | Found a staircase to the Elven Halls.
 22404 | Orc:2    | Paralysed by an orc sorcerer for 3 turns
 22566 | Orc:2    | Noticed Saint Roka
 22579 | Orc:2    | Reached skill level 5 in Fighting
 22792 | Orc:2    | Killed Saint Roka
 23029 | Orc:2    | Found Enikaijo's Jewellery Emporium.
 23089 | Orc:2    | Found Fiah's Antique Armour Boutique.
 23275 | Orc:2    | Found Iqos's Antique Armour Shoppe.
 23277 | Orc:2    | Found Xirized's Antique Weapon Emporium.
 23382 | Orc:2    | Found Atiurama's Weapon Shoppe.
 23479 | Orc:2    | Bought a polished helmet for 304 gold pieces
 23479 | Orc:2    | Identified the +2 helmet of Bodarph {rElec rF- Int+3} (You
                  | bought it in a shop on level 2 of the Orcish Mines)
 23575 | Orc:2    | Bought a translucent mace for 216 gold pieces
 23575 | Orc:2    | Identified the +6 mace "Ewkyef" {vorpal, rElec Stlth+} (You
                  | bought it in a shop on level 2 of the Orcish Mines)
 23659 | Orc:2    | Bought an embroidered hat for 224 gold pieces
 24115 | D:8      | Found a runed translucent gate.
 24115 | D:8      | Found a runed translucent gate.
 24116 | D:8      | Noticed Garym's ghost (novice MiBe)
 24118 | D:8      | Found a runed translucent gate.
 24317 | D:5      | Bought a potion of invisibility for 96 gold pieces
 25101 | D:12     | Noticed Frances
 25110 | D:12     | Killed Frances
 25753 | D:12     | Noticed Erolcha
 25764 | D:12     | Killed Erolcha
 26005 | D:13     | Noticed Sonja
 26021 | D:13     | Killed Sonja
 26259 | D:13     | Noticed Azrael
 26827 | D:13     | Killed Azrael
 27599 | D:14     | Reached XP level 15. HP: 113/113 MP: 27/35
 27696 | D:14     | Reached skill level 5 in Stealth
 27758 | D:14     | Paralysed by an ogre mage for 2 turns
 28449 | D:14     | Identified the +2 leather armour "Hiviwem" {rCorr SInv}
 28698 | D:14     | Identified the +6 great sword "Kuttang" {protect, Will+
                  | Int+3}
 28866 | D:14     | Found a gate to the Vaults.
 29158 | D:15     | Entered Level 15 of the Dungeon
 29255 | D:15     | Found a runed translucent gate.
 29258 | D:15     | Found a runed translucent gate.
 29259 | D:15     | Found a runed translucent gate.
 29350 | D:15     | Reached skill level 1 in Long Blades
 29754 | D:15     | Noticed a fenstrider witch
 29754 | D:15     | a dire elephant changed into a fenstrider witch
 29756 | D:15     | a fenstrider witch changed into an eleionoma
 30534 | D:15     | Found a staircase to the Depths.
 30649 | D:15     | Found a runed translucent gate.
 30649 | D:15     | Found a runed translucent gate.
 30654 | D:15     | Found a runed translucent gate.
 30654 | D:15     | Noticed a tentacled monstrosity
 30657 | D:15     | Noticed Dyokoiji's ghost (adept KoGl)
 30964 | Snake:1  | Entered Level 1 of the Snake Pit
 32332 | Snake:1  | Learned a level 5 spell: Summon Forest
 32340 | Snake:1  | Learned a level 7 spell: Summon Hydra
 32585 | Snake:1  | Reached XP level 16. HP: 119/119 MP: 37/37
 33094 | Snake:2  | Reached XP level 17. HP: 88/126 MP: 17/39
 33767 | Snake:2  | Reached skill level 5 in Long Blades
 36765 | Snake:3  | Found Ducsil's General Store.
 38821 | Snake:4  | Entered Level 4 of the Snake Pit
 39924 | Snake:4  | Reached skill level 15 in Summonings
 39944 | Snake:4  | Reached XP level 18. HP: 112/133 MP: 20/41
 40113 | Snake:4  | Noticed Louise
 40125 | Snake:4  | Killed Louise
 41099 | Snake:4  | Found Xosato's General Store.
 41900 | Snake:4  | Got a serpentine rune of Zot
 42829 | Swamp:1  | Entered Level 1 of the Swamp
 42871 | Swamp:1  | Reached skill level 5 in Maces & Flails
 43175 | Swamp:1  | Identified the +1 chain mail of Pyukk {Int+4 SInv}
 43385 | Swamp:1  | Noticed Roxanne
 43838 | Swamp:1  | Noticed Nikola
 43860 | Swamp:1  | Killed Nikola
 45881 | Swamp:1  | Noticed Aizul
 45892 | Swamp:2  | Killed Aizul
 46021 | Swamp:3  | Reached skill level 15 in Spellcasting
 46173 | Swamp:3  | Noticed Mlioglotl
 46425 | Swamp:3  | Killed Mlioglotl
 47190 | Swamp:4  | Entered Level 4 of the Swamp
 48856 | Swamp:4  | Reached XP level 19. HP: 78/139 MP: 27/44
 49312 | Swamp:4  | Got a decaying rune of Zot
 49607 | Lair:4   | Killed Nubia's ghost
 50161 | Vaults:1 | Entered Level 1 of the Vaults
 50458 | Vaults:1 | Found Arhoenoh's Jewellery Shoppe.
 50501 | Vaults:1 | Identified the ring "Hositsou" {rCorr AC+4 Stlth+}
 50651 | Vaults:1 | Identified the +6 spear of Honesty {drain, +Blink Str+2}
 51116 | Vaults:1 | Found Quliv's Magic Scroll Shoppe.
 51121 | Vaults:1 | Bought a scroll of blinking for 105 gold pieces
 51121 | Vaults:1 | Bought a scroll of teleportation for 42 gold pieces
 52830 | Vaults:1 | Found a huge runed gate.
 52830 | Vaults:1 | Found a huge runed gate.
 52830 | Vaults:1 | Found a huge runed gate.
 52830 | Vaults:1 | Found a huge runed gate.
 52830 | Vaults:1 | Found a huge runed gate.
 52830 | Vaults:1 | Found a huge runed gate.
 52831 | Vaults:1 | Found a huge runed gate.
 52831 | Vaults:1 | Found a huge runed gate.
 52831 | Vaults:1 | Found a huge runed gate.
 52831 | Vaults:1 | Found a huge runed gate.
 52831 | Vaults:1 | Found a huge runed gate.
 52832 | Vaults:1 | Found a huge runed gate.
 52833 | Vaults:1 | Found a huge runed gate.
 52834 | Vaults:1 | Found a huge runed gate.
 52835 | Vaults:1 | Found a huge runed gate.
 52836 | Vaults:1 | Found a huge runed gate.
 52844 | Vaults:1 | Found a huge runed gate.
 52844 | Vaults:1 | Found a huge runed gate.
 52844 | Vaults:1 | Found a huge runed gate.
 52844 | Vaults:1 | Found a huge runed gate.
 52844 | Vaults:1 | Found a huge runed gate.
 52844 | Vaults:1 | Found a huge runed gate.
 52845 | Vaults:1 | Found a huge runed gate.
 52846 | Vaults:1 | Found a huge runed gate.
 52847 | Vaults:1 | Found a huge runed gate.
 52857 | Vaults:1 | Found a huge runed gate.
 52857 | Vaults:1 | Found a huge runed gate.
 52857 | Vaults:1 | Found a huge runed gate.
 52857 | Vaults:1 | Found a huge runed gate.
 52857 | Vaults:1 | Found a huge runed gate.
 52857 | Vaults:1 | Found a huge runed gate.
 52858 | Vaults:1 | Found a huge runed gate.
 52859 | Vaults:1 | Found a huge runed gate.
 52860 | Vaults:1 | Found a huge runed gate.
 52868 | Vaults:1 | Found a huge runed gate.
 52868 | Vaults:1 | Found a huge runed gate.
 53300 | Vaults:1 | Learned a level 8 spell: Summon Horrible Things
 53487 | Vaults:2 | Found Coulog's Distillery.
 53501 | Vaults:2 | Bought a potion of heal wounds for 75 gold pieces
 53501 | Vaults:2 | Bought a potion of heal wounds for 75 gold pieces
 53501 | Vaults:2 | Bought a potion of heal wounds for 75 gold pieces
 53998 | Vaults:2 | Found Pumer's Weapon Boutique.
 54178 | Vaults:2 | Reached skill level 10 in Air Magic
 54518 | Vaults:2 | Found Beago's Weapon Shop.
 55638 | Vaults:2 | Found Jann's Distillery.
 55656 | Vaults:2 | Bought a potion of curing for 60 gold pieces
 55656 | Vaults:2 | Bought a potion of haste for 200 gold pieces
 55656 | Vaults:2 | Bought a potion of magic for 160 gold pieces
 56561 | Vaults:2 | Found Asonur's Assorted Antiques.
 56570 | Vaults:2 | Bought a phantom mirror for 1280 gold pieces
 57451 | Vaults:2 | Bought a potion of experience for 1000 gold pieces
 57451 | Vaults:2 | Reached skill level 1 in Fire Magic
 57451 | Vaults:2 | Reached skill level 1 in Earth Magic
 57451 | Vaults:2 | Reached XP level 20. HP: 148/148 MP: 46/46
 57876 | Vaults:3 | Noticed a dread lich
 57884 | Vaults:3 | Killed a dread lich
 58251 | Vaults:3 | Reached XP level 21. HP: 118/154 MP: 39/48
 58339 | Vaults:3 | Identified the +6 dagger "Hydrabane" {holy, *Noise rN+
                  | Str+2}
 58374 | Vaults:3 | Found Ofrem's Armour Shop.
 58805 | Vaults:3 | Noticed Mennas
 60265 | Vaults:3 | Found a staircase to the Crypt.
 60409 | Vaults:3 | Killed Mennas
 60818 | Vaults:4 | Acquired 445 gold pieces
 61024 | Vaults:4 | Learned a level 5 spell: Lee's Rapid Deconstruction
 62255 | Vaults:4 | Found Cattenio's Magic Scroll Shop.
 63523 | Vaults:5 | Entered Level 5 of the Vaults
 63549 | Vaults:5 | Noticed an ancient lich
 63561 | Vaults:5 | Killed an ancient lich
 63561 | Vaults:5 | Identified the +2 robe of the Sun {rC+ Will++ Int-3
                  | Archmagi}
 63794 | Vaults:5 | Identified the +6 mace of Responsibility {flame, Int+3}
 63877 | Vaults:5 | Reached XP level 22. HP: 158/161 MP: 33/51
 65205 | Vaults:5 | Identified the amulet "Adooneerr" {RegenMP rElec}
 65317 | Vaults:5 | Noticed a dread lich
 65687 | Vaults:5 | Got a silver rune of Zot
 66024 | Vaults:5 | Killed a dread lich
 66209 | Vaults:5 | Identified the ring "Canliarph" {Will+++ rCorr Str-2 Dex+6}
 66215 | Vaults:5 | Identified the +2 chain mail "Bemaum" {rElec rN++ Regen+}
 66252 | Vaults:5 | Got Sif Muna's Tome of Friendly Clay
 66411 | Vaults:5 | Identified the +11 battleaxe of Kilas {protect, rC+}
 66416 | Vaults:5 | Identified the ring "Poto" {rPois Will+ Dex+6}
 66419 | Vaults:5 | Identified the ring of Suspicion {rF+ Will+ Dex-5 Slay+5
                  | SInv}
 67243 | Vaults:1 | Found the +8 storm bow {elec, penet}
 68314 | Slime:1  | Entered Level 1 of the Pits of Slime
 68477 | Swamp:1  | Killed Roxanne
 68884 | Elf:1    | Entered Level 1 of the Elven Halls
 68945 | Elf:1    | Paralysed by an air elemental for 1 turns
 69421 | Elf:1    | Paralysed by an air elemental for 1 turns
 71680 | Elf:2    | Found a runed translucent gate.
 71680 | Elf:2    | Found a runed translucent gate.
 71681 | Elf:2    | Found a runed translucent gate.
 71935 | Elf:2    | Noticed Zenata
 71961 | Elf:2    | Killed Zenata
 72258 | Elf:2    | Reached XP level 23. HP: 158/169 MP: 32/53
 72379 | Elf:2    | Found Acheerem's General Store.
 73449 | Elf:2    | Noticed Asterion
 73456 | Elf:2    | Killed Asterion
 73678 | Elf:3    | Entered Level 3 of the Elven Halls
 73754 | Elf:3    | Found Buifiqin's Book Emporium.
 74099 | Elf:3    | HP: 2/169 [deep elf blademaster/+1 vampiric rapier (10)]
 75768 | Elf:3    | Identified the +6 flail of Seetouj {flame, rElec rC+ rN+++
                  | MP-9}
 75863 | Elf:3    | Identified the +6 spear of a treasure trove {spect, rF-
                  | Will+ Int+3}
 75912 | Elf:3    | Identified the +6 chain mail "Eqeniluc" {MP+9 Dex-3 Slay+6
                  | Stlth+}
 75938 | Elf:3    | Identified the +1 war axe of Saickenn {vorpal, Dex+3}
 76446 | Depths:1 | Entered Level 1 of the Depths
 76602 | D:15     | Killed Dyokoiji's ghost
 77758 | D:15     | Learned a level 4 spell: Animate Armour
 78190 | Depths:1 | Found a gateway to Hell.
 79080 | Depths:1 | Found Aquir's Jewellery Boutique.
 79081 | Depths:1 | Found Notess's Book Shoppe.
 79081 | Depths:1 | Found Ihedgh's Book Shoppe.
 80044 | Depths:2 | Found a one-way gate leading to the halls of Pandemonium.
 80186 | Depths:2 | Found a one-way gate to the infinite horrors of the Abyss.
 80457 | Depths:2 | Identified the +7 flail "Enouris" {drain, rElec rF- Will+++
                  | SInv}
 80610 | Depths:2 | Found the amulet of Vitality {RegenMP++ Regen++}
 80615 | Depths:2 | Noticed a juggernaut
 80636 | Depths:2 | Killed a juggernaut
 80868 | Depths:2 | Reached XP level 24. HP: 100/176 MP: 31/55
 82087 | Depths:2 | Found a one-way gateway to a ziggurat.
 82237 | Depths:2 | Learned a level 4 spell: Passage of Golubria
 82986 | Depths:3 | Found a portal to a secret trove of treasure.
 83703 | Depths:3 | Mangled by a spriggan berserker

Illustrated notes

Levels and vault maps discovered:
D:1:      nicolae_arrival_kraken_aquarium_b, layout_basic,
          ebering_ecumenical_altar_hall
D:2:      layout_basic, minmay_goblin_kobold_house
D:3:      layout_basic, nicolae_figureground_sparkle, uniq_sigmund
D:4:      layout_basic, uniq_blork_the_orc, uniq_menkaure, uniq_pargi
D:5:      layout_gridville, mainiacjoe_overflow_catch_the_wave,
          minmay_temple_entry_wispy, nicolae_wooded_promenade, minmay_pentangle
D:6:      layout_basic, amcnicky_altar_gilded, nrook_mini_vaults, uniq_duvessa
D:7:      layout_rooms, trog_butcher_becter, enter_bailey_5,
          minmay_shop_damaged, uniq_maggie, uniq_pikel
D:8:      layout_basic, ploomutoo_gammafunk_ghost_potion_laboratory
D:9:      layout_rooms, mainiacjoe_overflow_alcove_3, serial_glass,
          glass_columns_b, glass_columns_c, glass_columns_a, glass_columns_b,
          glass_columns_a, glass_columns_b, glass_columns_b, glass_columns_c
D:10:     cheibrodos_two_vegetables, layout_loops_ring, david_lair_generic,
          orc_0_dummy, serial_demonic, serial_demonic_f, serial_demonic_b,
          serial_demonic_d, serial_demonic_e, serial_demonic_e,
          serial_demonic_e, serial_demonic_c
D:11:     layout_cave_pools
D:12:     layout_roguey, uniq_frances, uniq_erolcha
D:13:     layout_long_grid, zin_scriptorium, uniq_azrael, uniq_sonja
D:14:     minmay_recursive_quarters, layout_basic, ximxim_vaults_locker_room,
          moated_statue
D:15:     gammafunk_enter_depths_forms, layout_irregular_city,
          ploomutoo_gammafunk_ghost_potion_laboratory, yredelemnul_altar_generic
Temple:   nicolae_temple_ecumenical_triangle
Lair:1:   layout_chaotic_city
Lair:2:   layout_small_grid, skrybe_swamp_entry_bodies,
          guppyfry_snake_entry_island, roderic_batcave, st_stairs_7,
          grunt_forest_large_clearing_hut
Lair:3:   layout_small_grid, ebering_ghost_reflecting_pool,
          serial_bayou_shore_a, uniq_fannar, uniq_snorg
Lair:4:   layout_loops_ring, minmay_slime_entry_jelly_boxes,
          gammafunk_ghost_icy, patterned_corridor
Lair:5:   minmay_lair_end_frog_pond, layout_regular_city
Swamp:1:  layout_basic_swamp, hangedman_swamp_ruin_hall, swamp_pool3,
          uniq_roxanne, uniq_nikola, uniq_aizul
Swamp:2:  layout_basic_swamp, hangedman_swamp_diagram, nicolae_swamp_oxbows
Swamp:3:  layout_falls_marsh, evilmike_swamp_ruin_house_2, uniq_mlioglotl
Swamp:4:  swamp_alternative, layout_basic_swamp, swamp_pool1,
          infiniplex_staircase_pool_2
Snake:1:  dpeg_oklob_gauntlet, layout_grid_maze, minmay_snake_pond
Snake:2:  layout_chambers, st_stairs_5, grunt_ministairs_4, grunt_megastairs_3
Snake:3:  kennysheep_snake, layout_grid_shapes, serial_shops, shop
Snake:4:  grunt_snake_rune_pools, layout_misc_corridors, serial_shops, shop,
          uniq_louise, uniq_saint_roka
Slime:1:  layout_caves
Orc:1:    layout_caves
Orc:2:    grunt_orc_community_town_hall, layout_caves,
          grunt_orc_community_big_house_2, grunt_orc_community_big_house_2,
          grunt_orc_community_house_2, grunt_orc_community_house_3,
          grunt_orc_community_house_2, grunt_orc_community_house_3,
          serial_shops, shop, gauntlet_entry_generic
Elf:1:    nicolae_elf_arrival_fired_up, layout_geoelf_grid, basic_altar,
          minivault_28, hangedman_elf_targetted_burst, evilmike_ambush
          [evilmike_ambush_outer_basic, evilmike_ambush_inner_wall_1]
Elf:2:    elven_hall_of_blades_hangedman_original
          [nicolae_blade_entry_crossed_weapons], layout_geoelf_grid,
          serial_shops, nicolae_diamond_shop, grunt_megastairs_5, uniq_asterion,
          uniq_zenata
Elf:3:    minmay_elf_hall_circle, layout_geoelf_castle, serial_shops, shop
Vaults:1: v_misc_11, ontoclasm_vaults_ring_small, grunt_vaults_trifunnel,
          vaults_room_stairs_pillars, grunt_vaults_funnel,
          nicolae_vaults_circle_grid_a, nicolae_vaults_network_star,
          ontoclasm_vaults_spin, nicolae_vaults_sealed_display, door_vault,
          ontoclasm_vaults_twist, layout_vaults_omnicross, serial_shops,
          nicolae_diamond_shop, nicolae_diamond_shop
Vaults:2: nicolae_vaults_stairing_the_circle, grunt_vaults_bifocal, v_misc_18,
          hangedman_vaults_nails, nicolae_vaults_statue_guard, v_rooms_4,
          hangedman_vaults_cutoff, layout_vaults_quadrants, serial_shops, shop,
          shop_statue, shop, nicolae_shop_window_shopping,
          nicolae_shop_waterfront
Vaults:3: vaults_mumra_chevron, nicolae_vaults_gold_heap, nicolae_vaults_big_ls,
          v_misc_29, minmay_crypt_entry_simple_plaza,
          nicolae_vaults_bisected_exclaves, v_misc_12, v_misc_17,
          nicolae_vaults_ring_of_whatevers, vaults_room_pool,
          ontoclasm_vaults_shout, ontoclasm_vaults_decontamination,
          nicolae_vaults_mini_display_case, v_misc_22, layout_vaults_ring,
          serial_shops, shop, serial_glass, uniq_mennas
Vaults:4: vaults_room_mumra_shop_pool, hangedman_vaults_maws,
          ontoclasm_vaults_gateway, hangedman_vaults_corner,
          nicolae_vaults_network_quinsquares
          [nicolae_vaults_network_quincunx_subvault,
          nicolae_vaults_network_quincunx_subvault,
          nicolae_vaults_network_quincunx_subvault,
          nicolae_vaults_network_quincunx_subvault],
          ontoclasm_vaults_claustrophobia, nicolae_vaults_alarming, v_misc_29,
          hangedman_vaults_nails, nicolae_vaults_ring_of_whatevers,
          nicolae_vaults_specimen_jars, layout_vaults_big_room, uniq_margery
Vaults:5
Depths:1: layout_cave_shapes, nicolae_dithmenos_shadow_blocks,
          hangedman_coc_ice_floe, kiku_gazebo_garden_becter, minmay_shop_grove
Depths:2: minmay_heptahexagon, layout_cross, enter_ziggurat_a,
          infiniplex_staircase_diamond, hell_entry, abyss_entry,
          rand_demon_pan_entry_3
Depths:3: hangedman_box_tower, layout_basic,
          nicolae_wu_jian_immortal_techniques, enter_trove_2,
          pf_hell_entry_tar_spiral, serial_sigils, serial_sigils_hangedman_snap,
          serial_sigils_hangedman_quiver, serial_sigils_hangedman_gnaw,
          marbit_kobold_abyss_entry

Skill      XL: |  1  2  3  4  5  6  7  8  9 10 11 12 13 14 15 16 17 18 19 20 21 22 23 24 |
---------------+-------------------------------------------------------------------------+-----
Spellcasting   | 2 3 4 5 6 7 8 9 10 11 12 14 15 16 17 18 20 21 22 | 22.0
Summonings     | 4 5 6 7 8 9 10 12 13 15 16 17 19 20 22 | 22.8
Dodging        | 2 3 4 5 6 7 8 |  8.5
Polearms       | 1 2 4 5 6 7 |  7.0
Stealth        | 2 3 4 5 6 |  6.2
Hexes          | 1 2 3 4 5 6 7 8 |  8.3
Fighting       | 1 2 3 4 5 6 |  6.7
Throwing       | 1 2 3 |  3.2
Conjurations   | 1 4 5 6 7 |  7.6
Maces & Flails | 2 3 4 5 6 |  6.4
Air Magic      | 1 2 4 5 7 8 9 10 11 | 11.8
Ranged Weapons | 1 2 3 4 |  4.8
Poison Magic   | 1 2 3 |  3.3
Evocations     | 1 4 5 |  5.5
Ice Magic      | 3 5 7 8 |  8.6
Long Blades    | 4 7 9 |  9.8
Fire Magic     | 1 |  1.0
Earth Magic    | 1 |  1.3
Translocations | |  0.2

Action                   |  1- 3 |  4- 6 |  7- 9 | 10-12 | 13-15 | 16-18 | 19-21 | 22-24 || total
-------------------------+-------+-------+-------+-------+-------+-------+-------+-------++-------
Melee: Spear             |    42 |    23 |    51 |       |       |       |       |       ||   116
       Hand axe          |     3 |       |       |       |       |       |       |       ||     3
       Eveningstar       |       |       |    44 |       |       |       |       |       ||    44
       Demon blade       |       |       |     5 |       |       |       |       |       ||     5
       Glaive            |       |       |    11 |   184 |   158 |       |       |       ||   353
       Punch             |       |       |     2 |       |     1 |     1 |     1 |     5 ||    10
       Arbalest          |       |       |       |     1 |       |       |       |       ||     1
       Mace              |       |       |       |       |   255 |   105 |   149 |   145 ||   654
 Fire: Sling             |       |       |    10 |       |       |       |       |       ||    10
       Arbalest          |       |       |    19 |   102 |    28 |     2 |       |       ||   151
       Shortbow          |       |       |       |       |       |     4 |       |       ||     4
       Greatsling        |       |       |       |       |       |       |     2 |     7 ||     9
       Longbow           |       |       |       |       |       |       |       |    48 ||    48
Throw: Dart              |       |    10 |    14 |    34 |    39 |    15 |     4 |    16 ||   132
       Throwing net      |       |       |       |       |       |       |     1 |       ||     1
 Cast: Summon Small Mamm |    31 |    23 |    39 |    24 |   134 |     1 |    10 |     6 ||   268
       Call Imp          |     7 |     8 |    16 |    15 |    66 |     1 |     5 |     4 ||   122
       Call Canine Famil |     1 |     7 |    24 |    24 |    70 |     7 |     8 |     5 ||   146
       Summon Guardian G |       |     3 |    35 |    48 |   138 |   135 |   100 |    77 ||   536
       Mephitic Cloud    |       |       |    18 |    55 |    93 |    10 |     7 |    57 ||   240
       Summon Lightning  |       |       |     6 |    62 |   193 |   158 |   135 |   128 ||   682
       Freezing Cloud    |       |       |       |     3 |    41 |   122 |    54 |    64 ||   284
       Cause Fear        |       |       |       |     1 |     9 |     2 |     1 |     7 ||    20
       Summon Hydra      |       |       |       |       |     4 |   231 |   250 |   332 ||   817
       Summon Forest     |       |       |       |       |       |     6 |     1 |     1 ||     8
       Summon Horrible T |       |       |       |       |       |       |    22 |    96 ||   118
       Lee's Rapid Decon |       |       |       |       |       |       |     1 |     1 ||     2
       Animate Armour    |       |       |       |       |       |       |       |     3 ||     3
       Passage of Golubr |       |       |       |       |       |       |       |     2 ||     2
Evoke: Wand              |       |       |       |     6 |     7 |     5 |       |     2 ||    20
       Lightning rod     |       |       |       |     3 |     5 |     1 |     7 |     2 ||    18
       Box of beasts     |       |       |       |     1 |     1 |     3 |     2 |     4 ||    11
       Phantom mirror    |       |       |       |       |       |       |       |     2 ||     2
       Condenser vane    |       |       |       |       |       |       |       |     1 ||     1
  Use: Scroll            |     5 |       |    18 |    14 |     9 |     7 |    11 |    12 ||    76
       Potion            |       |       |     2 |     2 |     7 |    13 |    16 |    20 ||    60
 Stab: Sleeping          |     2 |     2 |       |       |     1 |       |     1 |       ||     6
       Distracted        |       |     2 |       |     5 |    12 |     5 |     4 |    10 ||    38
       Confused          |       |       |       |     7 |     5 |       |     1 |     6 ||    19
Armor: Robe              |     9 |     9 |    44 |   195 |   248 |   122 |   131 |   220 ||   978
Dodge: Dodged            |    43 |    12 |   112 |   260 |   470 |   243 |   248 |   467 ||  1855
